 Dungeon Crawl Stone Soup version 0.28-a0-1074-g3cb2360906 (webtiles) character file.

Game seed: 9528766421716519540

137 MacCMillion the Chiller (level 5, -2/28 HPs)
             Began as a Kobold Ice Elementalist on Dec 9, 2021.
             Killed by divine providence
             ... invoked by an orc priest
              (15 damage)
             ... on level 4 of the Dungeon.
             The game lasted 00:04:43 (3639 turns).

MacCMillion the Chiller (Kobold Ice Elementalist)   Turns: 3639, Time: 00:04:43

Health: -2/28      AC:  2    Str:  6    XL:     5   Next: 44%
Magic:  8/8        EV: 15    Int: 18    God:
Gold:   158        SH:  0    Dex: 15    Spells: 1/8 levels left

rFire   . . .      SeeInvis .   e - +0 dagger
rCold   . . .      Faith    .   (shield restricted)
rNeg    . . .      Spirit   .   a - +0 robe
rPois   .          Reflect  .   (no helmet)
rElec   .          Harm     .   (no cloak)
rCorr   .          Rampage  .   (no gloves)
Will    .....                   (no boots)
Stlth   +++.......              (no amulet)
HPRegen 0.09/turn               (no ring)
MPRegen 0.11/turn               (no ring)

@: no status effects
A: small, no large weapons, nightstalker 3
a: no special abilities


You were on level 4 of the Dungeon.
You visited 1 branch of the dungeon, and saw 4 of its levels.

You collected 158 gold pieces.

Inventory:

Hand Weapons
 e - a +0 dagger (weapon)
Armour
 a - a +0 robe (worn)
Magical Staves
 d - a staff of fire
Scrolls
 g - a scroll of summoning {unknown}
 i - a scroll of teleportation {unknown}
 j - 2 scrolls of identify {unknown}
Potions
 b - a potion of haste {unknown}
 c - 2 potions of attraction {unknown}
 f - a potion of curing {unknown}
 h - 2 potions of might {unknown}


   Skills:
 - Level 2.4 Dodging
 - Level 3.0 Stealth
 - Level 2.1 Spellcasting
 + Level 6.3 Ice Magic


You had one spell level left.
You knew the following spells:

 Your Spells              Type           Power      Damage    Failure   Level
a - Freeze                Ice            96%        1d11      1%          1
b - Frozen Ramparts       Ice            48%        1d6       4%          3
c - Ozocubu's Armour      Ice            24%        N/A       4%          3

Your spell library contained the following spells:

 Spells                   Type           Power      Damage    Failure   Level
 Hailstorm                Conj/Ice       13%        3d5       43%         4
 Dazzling Flash           Conj/Hex       2%         N/A       47%         3
 Agony                    Necr           1%         N/A       99%         5
 Silence                  Hex/Air        0%         N/A       99%         5


Dungeon Overview and Level Annotations

Branches:
Dungeon (4/15)
 Temple: D:4-7

Altars:
Uskayaw


Innate Abilities, Weirdness & Mutations

You are small and have problems with some larger weapons.
You are completely attuned to the shadows.


Message History

Found a leather armour.
You see here a +0 leather armour.
There is an open door here.
There is an open door here.
Done exploring.
Done exploring.
No target in view!
No target in view!
Done exploring.
Done exploring.
There is a stone staircase leading down here.
You climb downwards.
Found 4 gold pieces.
There is a stone staircase leading up here.
Found a ring mail.
You now have 158 gold pieces (gained 4).
Found a dagger.
You see here a +0 dagger.
You see here a +0 ring mail.
j - 2 scrolls labelled INUD ECAQEXOL (gained 1)
A giant cockroach comes into view.
A giant cockroach is nearby!
A giant cockroach is nearby! 2 orc priests come into view.
A centaur skeleton comes into view.
An orc priest comes into view. It is wielding a +0 club.
The orc priest shouts! x2; You hear a shout!
The giant cockroach bites you but does no damage.
The centaur skeleton misses you. The centaur skeleton barely misses you.
You barely miss the orc priest. The giant cockroach misses you.
The centaur skeleton hits you.
The centaur skeleton closely misses you.
The orc priest mumbles some strange prayers to Beogh against you.
Beogh smites you!
The giant cockroach bites you but does no damage.
The orc priest hits you with a +0 club.
The orc priest invokes the aid of Beogh against you.
Beogh smites you!
Ouch! That really hurt!
You die...

.....##.##
.....#...####
......#.....#
.....#.#.##.#
......#.## #
##.##.###
##.##.##
...#...##
##.@...#
#.BZ....#
.....oo...
....o....
.#......#
#.#...##


You could see 3 orc priests, a giant cockroach and a centaur skeleton.

Vanquished Creatures
  Natasha (twice) (D:2)
  4 adders
  3 orcs (D:3)
  2 ball pythons (D:2)
  An endoplasm (D:3)
  2 giant cockroaches
  7 goblins
  3 hobgoblins
  4 jackals (D:3)
  6 kobolds
  2 quokkas
  3 bats
  5 frilled lizards
  6 rats
50 creatures vanquished.

Notes
Turn   | Place    | Note
-------+----------+-------------------------------------------
     0 | D:1      | MacCMillion the Kobold Ice Elementalist began the quest for
                  | the Orb.
     0 | D:1      | Reached XP level 1. HP: 10/10 MP: 3/3
   443 | D:1      | Reached XP level 2. HP: 15/15 MP: 5/5
   864 | D:1      | Found a faded altar of an unknown god.
  1450 | D:2      | Reached XP level 3. HP: 17/19 MP: 4/6
  1653 | D:2      | Noticed Natasha
  1660 | D:2      | Killed Natasha
  1661 | D:2      | Reached skill level 5 in Ice Magic
  1661 | D:2      | Reached XP level 4. HP: 24/24 MP: 3/7
  2021 | D:2      | Noticed Natasha
  2059 | D:2      | Killed Natasha
  2187 | D:2      | Learned a level 3 spell: Frozen Ramparts
  2191 | D:2      | Learned a level 3 spell: Ozocubu's Armour
  2355 | D:3      | Found a hide-covered altar of Uskayaw.
  2397 | D:3      | Reached XP level 5. HP: 28/28 MP: 3/8
  2578 | D:3      | Reached skill level 6 in Ice Magic
  3639 | D:4      | Killed from afar by an orc priest

Illustrated notes

Levels and vault maps discovered:
D:1:      ncdulo_watergridlock, layout_basic, shapermc_ecumenical_altar_ellora
D:2:      layout_loops_cross, kennysheep_potato, uniq_natasha
D:3:      layout_loops_corners, pf_just_have_faith
D:4:      layout_loops_cross

Skill      XL: |  1  2  3  4  5 |
---------------+----------------+-----
Stealth        | 3 |  3.0
Ice Magic      | 5 6 |  6.3
Dodging        | |  2.4
Spellcasting   | |  2.1

Action                   |  1- 3 |  4- 6 || total
-------------------------+-------+-------++-------
Melee: Mace              |     7 |       ||     7
       Dagger            |    16 |    23 ||    39
 Cast: Freeze            |    20 |    24 ||    44
       Frozen Ramparts   |       |     3 ||     3
 Stab: Sleeping          |     5 |     4 ||     9
Armor: Robe              |     3 |     7 ||    10
Dodge: Dodged            |    18 |    31 ||    49

Table legend: (Time is in decaauts)
 A = Elapsed time spent in this place.
 B = Non-inter-level travel time spent in this place.
 C = Inter-level travel time spent in this place.
 D = Time resting spent in this place.
 E = Time spent auto-exploring this place.
 F = Levels seen in this place.
 G = Mean time per level.
                   A        B        C        D        E       F      G
               +--------+--------+--------+--------+--------+-----+--------+
         Total |   3640 |   3545 |     95 |    217 |   2936 |   4 |  910.0 |
       Dungeon |   3640 |   3545 |     95 |    217 |   2936 |   4 |  910.0 |
               +--------+--------+--------+--------+--------+-----+--------+

Top non-repeatable levels by time:
     D:3: 1356 daAuts
     D:1: 1203 daAuts
     D:2: 1004 daAuts
     D:4: 75 daAuts
